 Dungeon Crawl Stone Soup version 0.24.0-1-gfbc8707 (webtiles) character file.

Game seed: 14151617340536069087, levelgen mode: deterministic

8463 Fang the Fighter (level 11, -3/74 HPs)
             Began as a Gargoyle Berserker on Nov 6, 2019.
             Was a High Priest of Trog.
             Slain by a death knight
             ... wielding a +1 glaive
              (10 damage)
             ... on level 10 of the Dungeon.
             The game lasted 00:12:21 (10214 turns).

Fang the Fighter (Gargoyle Berserker)              Turns: 10214, Time: 00:12:21

Health: -3/74      AC: 24    Str: 23    XL:     11   Next: 31%
Magic:  11/11      EV:  9    Int:  9    God:    Trog [*****.]
Gold:   630        SH:  0    Dex:  9    Spells: 10/10 levels left

rFire    . . .     SeeInvis .   a - +3 war axe
rCold    . . .     Gourm    .   (no shield)
rNeg     + . .     Faith    .   b - +3 plate armour
rPois    ∞         Spirit   .   (no helmet)
rElec    +         Reflect  .   (no cloak)
rCorr    .         Harm     .   (no gloves)
MR       .....                  (no boots)
Stlth    ..........             k - amulet of the acrobat
HPRegen  0.22/turn              (no ring)
MPRegen  0.12/turn              s - ring of flight

@: berserk cooldown, starving, slowed, very slow
A: negative energy resistance 1, electricity resistance, unbreathing,
petrification resistance, rot immunity, AC +8
a: Berserk, Trog's Hand, Brothers in Arms, Renounce Religion, Evoke Flight


You were on level 10 of the Dungeon.
You worshipped Trog.
Trog was extremely pleased with you.
You were starving.

You visited 2 branches of the dungeon, and saw 11 of its levels.
You also visited: Bailey.

You collected 630 gold pieces.

Inventory:

Hand Weapons
 a - a +3 war axe (weapon)
Armour
 b - a +3 plate armour (worn)
Jewellery
 g - a +2 ring of evasion {unknown}
 k - an amulet of the acrobat (around neck)
 s - a ring of flight (right hand)
Wands
 d - a wand of iceblast (10)
 f - a wand of flame (17)
 j - a wand of acid (4)
 u - a wand of polymorph (10)
 y - a wand of digging (4)
Scrolls
 n - 2 scrolls of fog
 p - a scroll of remove curse
 t - 5 scrolls of teleportation
Potions
 e - 3 potions of ambrosia
 h - 2 potions of cancellation
 i - 9 potions of curing
 o - a potion of might
 q - 3 potions of magic
 v - a potion of flight
 w - a potion of berserk rage
 x - 5 potions of heal wounds
 A - 2 potions of haste
 B - 5 potions of mutation
 C - a potion of experience {unknown}
 D - 3 potions of agility {unknown}
Comestibles
 c - 25 rations


   Skills:
 * Level 11.1 Fighting
 * Level 9.4 Axes
 + Level 8.3 Armour
 + Level 6.3 Dodging


You had 10 spell levels left.
You didn't know any spells.
Your spell library was empty.

Dungeon Overview and Level Annotations

Branches:
Dungeon (10/15)            Temple (1/1) D:4            Lair (0/6) D:10
 Bailey (visited)
    Orc: D:9-12

Altars:
Ashenzari
Dithmenos
Elyvilon
Fedhas
Hepliaklqana
Kikubaaqudgha
Makhleb
Okawaru
Uskayaw
Yredelemnul
Zin

Shops:
D:6 %   D:10 (

Annotations:
D:10 3 runed translucent doors


Innate Abilities, Weirdness & Mutations

You are resistant to torment.
Your stone body is resilient. (AC +8)
You are immune to poison.
You resist negative energy. (rN+)
You are resistant to electric shocks. (rElec)
You can survive without breathing.
You are immune to petrification.
You are immune to rotting.


Message History

The death knight is heavily wounded.
The death knight hits you with a +1 glaive!
* * * LOW HITPOINT WARNING * * *
The wight barely misses you.
You slash the death knight!
The death knight is severely wounded.
You are no longer berserk.
You are exhausted.
You feel yourself slow down.
You hit the death knight but do no damage.
The death knight is severely wounded.
The wight hits you but does no damage.
The death knight hits you but does no damage.
The wight hits you from afar with a cursed +4 halberd.
* * * LOW HITPOINT WARNING * * *
You barely miss the death knight.
The death knight is severely wounded.
You are starving!
The death knight hits you with a +1 glaive!
You die...

###hZS### #..#....
# ##9Yh## #..+....
# ##.Zh##
######..##..# ##
###+###
#........#..# #.
###.###
#........#..# #. #.
#........#..# #.
###..###.#..######
#..)...#..........
+@))...#..........
#p)z...#..........
..../......######'#
...####+####..
#..#.. ..... #..
#..'.. ....
#...#..#.. ###.
#.+####### .


You could see a death knight and a wight.

Vanquished Creatures
  A two-headed ogre (D:8)
  Pikel (D:7)
  An ugly thing (D:10)
  2 centaur zombies
  A hornet (D:8)
  A red devil (D:9)
  Grinder (D:6)
  2 hippogriffs
  A wyvern (D:10)
  A wraith (D:10)
  4 yaks (D:10)
  Eustachio (D:5)
  A hungry ghost (D:9)
  A steam dragon (D:10)
  A vampire mosquito (D:10)
  A water moccasin (D:6)
  4 orc warriors
  2 ice beasts
  2 sky beasts
  A phantom (D:10)
  A necrophage (D:7)
  7 ogres
  2 centaurs (D:8)
  4 big kobolds
  8 bullfrogs
  3 scorpions
  3 wights (D:10)
  4 howler monkeys
  A bullfrog zombie (D:10)
  5 crimson imps
  A hound (D:3)
  A quasit (D:7)
  3 jellies
  8 orc wizards
  3 orc priests
  2 iguanas (D:5)
  3 worker ants
  A hound zombie (D:6)
  A hound skeleton (D:9)
  2 howler monkey skeletons
  16 gnolls
  16 adders
  2 shadow imps
  An ooze (D:3)
  2 adder zombies
  An adder skeleton (D:4)
  A worm (D:3)
  2 dart slugs (D:1)
  6 leopard geckos
  30 orcs
  9 giant cockroaches
  13 goblins
  26 hobgoblins
  5 jackals
  3 quokkas
  5 bats
  3 frilled lizards
  29 kobolds
  A leopard gecko skeleton (D:6)
  A leopard gecko zombie (D:8)
  A quokka skeleton (D:6)
  5 rats
271 creatures vanquished.

Vanquished Creatures (others)
  An adder (D:7)
  An orc (D:7)
2 creatures vanquished.

Grand Total: 273 creatures vanquished

Notes
Turn   | Place    | Note
-------+----------+-------------------------------------------
     0 | D:1      | Fang the Gargoyle Berserker began the quest for the Orb.
     0 | D:1      | Reached XP level 1. HP: 14/14 MP: 1/1
   104 | D:1      | Reached XP level 2. HP: 19/19 MP: 2/2
   717 | D:1      | Reached XP level 3. HP: 13/23 MP: 3/3
  1096 | D:2      | Reached ** piety under Trog
  1096 | D:2      | Reached XP level 4. HP: 16/29 MP: 4/4
  1116 | D:2      | Reached skill level 4 in Fighting
  1328 | D:2      | Found an iron altar of Okawaru.
  1334 | D:2      | Found an ancient bone altar of Kikubaaqudgha.
  1420 | D:2      | Reached XP level 5. HP: 29/33 MP: 5/5
  1847 | D:2      | Found a glowing silver altar of Zin.
  1877 | D:3      | Found a faded altar of an unknown god.
  1911 | D:3      | Found a blossoming altar of Fedhas.
  1988 | D:3      | Reached *** piety under Trog
  2529 | D:3      | Reached XP level 6. HP: 29/39 MP: 6/6
  2567 | D:3      | Found a burning altar of Makhleb.
  2984 | D:4      | Found a staircase to the Ecumenical Temple.
  3009 | Temple   | Entered the Ecumenical Temple
  3205 | D:4      | Noticed a sky beast
  3219 | D:4      | Killed a sky beast
  3219 | D:4      | Reached skill level 5 in Fighting
  3664 | D:5      | Entered Level 5 of the Dungeon
  3713 | D:5      | Reached XP level 7. HP: 44/44 MP: 7/7
  4488 | D:5      | Noticed Eustachio
  4500 | D:5      | Reached **** piety under Trog
  4512 | D:5      | Killed Eustachio
  4630 | D:5      | Reached skill level 6 in Fighting
  4630 | D:5      | Reached skill level 5 in Axes
  4630 | D:5      | Reached skill level 5 in Armour
  4630 | D:5      | Reached XP level 8. HP: 21/51 MP: 8/8
  4848 | D:5      | Found a white marble altar of Elyvilon.
  5442 | D:6      | Noticed Grinder
  5458 | D:6      | Paralysed by Grinder for 3 turns
  5466 | D:6      | Paralysed by Grinder for 6 turns
  5506 | D:6      | Killed Grinder
  5506 | D:6      | Reached skill level 7 in Fighting
  5787 | D:6      | Reached XP level 9. HP: 51/57 MP: 9/9
  5809 | D:6      | Found Opeathri's Food Boutique.
  5931 | D:6      | Found a blossoming altar of Fedhas.
  6577 | D:7      | Reached skill level 8 in Fighting
  6639 | D:7      | Noticed Pikel
  6814 | D:7      | Killed Pikel
  6814 | D:7      | Reached skill level 5 in Dodging
  6849 | D:7      | Found a shadowy altar of Dithmenos.
  6998 | D:7      | Found a flagged portal.
  7092 | Bailey   | Entered a bailey
  7342 | Bailey   | Reached ***** piety under Trog
  7348 | Bailey   | Reached skill level 9 in Fighting
  7561 | D:7      | Reached XP level 10. HP: 65/66 MP: 10/10
  7746 | D:8      | Noticed a two-headed ogre
  7757 | D:8      | Killed a two-headed ogre
  7965 | D:8      | Found a faded altar of an unknown god.
  7965 | D:8      | Found a faded altar of an unknown god.
  7970 | D:8      | Found a hide-covered altar of Uskayaw.
  7972 | D:8      | Found a basalt altar of Yredelemnul.
  7974 | D:8      | Found a hazy altar of Hepliaklqana.
  8058 | D:8      | Reached skill level 10 in Fighting
  8423 | D:9      | Noticed a rust devil
  8425 | D:9      | Found an ancient bone altar of Kikubaaqudgha.
  8427 | D:9      | Noticed a hell beast
  9364 | D:10     | Entered Level 10 of the Dungeon
  9394 | D:10     | Reached XP level 11. HP: 41/73 MP: 11/11
  9471 | D:10     | Found a staircase to the Lair.
  9723 | D:10     | Noticed a purple ugly thing
  9734 | D:10     | Killed a purple ugly thing
  9782 | D:10     | Reached skill level 11 in Fighting
 10029 | D:10     | Found a runed translucent door.
 10044 | D:10     | Noticed an ogre mage
 10046 | D:10     | Found a runed translucent door.
 10046 | D:10     | Found a runed translucent door.
 10098 | D:10     | Found Ituzul's Antique Weapon Boutique.
 10189 | D:10     | Noticed a death knight
 10199 | D:10     | Received a gift from Trog
 10214 | D:10     | Slain by a death knight

Levels and vault maps discovered:
D:1:      minmay_arrival_solitary_statue, layout_basic,
          chequers_serial_rivers_large_a
D:2:      minmay_skewed_foursquare, layout_loops_ring, lemuel_round_altar,
          marbit_many_paths, okawaru_gym_becter
D:3:      layout_basic, fedhas_altar_2, chequers_ecumenical_altar_simple,
          serial_curves, eino_curves_04, eino_curves_01,
          makhleb_heckhound_becter
D:4:      layout_basic, minmay_temple_entry_steel_oval, due_unseen_surprise
D:5:      layout_basic, elyvilon_altar_1, first_ration, uniq_eustachio
D:6:      layout_basic, basic_altar, serial_shops, shop, minivault_27,
          uniq_grinder
D:7:      layout_cave_pools, nicolae_dithmenos_the_darkroom, enter_bailey_1,
          uniq_pikel
D:8:      layout_rooms, chequers_temple_overflow_minitemple
D:9:      layout_irregular_city, blue_anna_alchemist [blue_anna_fruit_fields,
          blue_anna_fruit_fields], lemuel_hellish_altar
D:10:     minmay_the_grid_four_pointed_star
          [minmay_the_grid_triangle_9x9_sparse_checkered,
          minmay_the_grid_triangle_9x9_thin_v,
          minmay_the_grid_triangle_9x9_corrupted_corridor,
          minmay_the_grid_triangle_9x9_fully_insulated_deathbox,
          minmay_the_grid_prize_trominoes], layout_grid_maze, serial_shops,
          nicolae_shop_crystal, grunt_tough_drop
Temple:   nicolae_temple_figure_eight

Skill      XL: |  1  2  3  4  5  6  7  8  9 10 11 |
---------------+----------------------------------+-----
Axes           | 3 4 5 6 7 9 |  9.4
Dodging        | 2 3 4 5 6 |  6.3
Fighting       | 4 5 6 7 9 10 11 | 11.1
Armour         | 3 4 5 6 7 8 |  8.3

Action                   |  1- 3 |  4- 6 |  7- 9 | 10-12 || total
-------------------------+-------+-------+-------+-------++-------
Melee: Hand axe          |   109 |   301 |     8 |       ||   418
       War axe           |       |       |   338 |   289 ||   627
Invok: Berserk           |       |     4 |     8 |     3 ||    15
       Trog's Hand       |       |       |     1 |       ||     1
 Abil: Evoke Flight      |       |       |       |     1 ||     1
  Use: Scroll            |       |       |       |    23 ||    23
 Stab: Sleeping          |       |       |     1 |       ||     1
  Eat: Chunk             |     1 |    12 |    15 |     9 ||    37
       Ration            |       |       |     2 |     1 ||     3
Armor: Animal skin       |    29 |    88 |    24 |       ||   141
       Plate armour      |       |       |   301 |   242 ||   543
       Skin              |       |       |     4 |       ||     4
Dodge: Dodged            |    61 |   190 |   282 |   200 ||   733
